 Dungeon Crawl Stone Soup version 0.21-a0-29-g43b3074 (webtiles) character file.

384 azrac the Shield-Bearer (level 7, -2/55 HPs)
             Began as a Formicid Fighter on May 26, 2017.
             Slain by a two-headed ogre
             ... wielding a +0 giant spiked club
              (12 damage)
             ... on level 4 of the Dungeon.
             The game lasted 00:05:40 (3437 turns).

azrac the Shield-Bearer (Formicid Fighter)          Turns: 3437, Time: 00:05:40

Health: -2/55      AC:  7    Str: 22    XL:     7   Next: 6%
Magic:  7/7        EV:  7    Int:  8    God:
Gold:   168        SH:  9    Dex: 10    Spells: 6/6 levels left

rFire    . . .     SeeInvis +   a - +0 war axe
rCold    . . .     Gourm    .   c - +0 shield
rNeg     . . .     Faith    +   b - +0 scale mail
rPois    .         Spirit   .   (helmet unavailable)
rElec    .         Reflect  .   (no cloak)
rCorr    .         Harm     .   y - +0 pair of gloves
MR       .....                  (no boots)
Stlth    ..........             t - amulet of faith
Regen    0.2/turn               (no ring)
MPRegen  0.1/turn               (no ring)

@: heavily drained
A: permanent stasis, dig shafts and tunnels, four strong arms, antennae 3
a: Dig, Shaft Self


You were on level 4 of the Dungeon.
You were not hungry.

You visited 1 branch of the dungeon, and saw 4 of its levels.

You collected 168 gold pieces.

Inventory:

Hand Weapons
 a - a +0 war axe (weapon)
Armour
 b - a +0 scale mail (worn)
 c - a +0 shield (worn)
 y - a +0 pair of gloves (worn)
Jewellery
 t - an amulet of faith (around neck)
Wands
 p - a wand of digging (11/24)
 s - a wand of iceblast (6/15)
Scrolls
 g - a scroll of teleportation {unknown}
 j - 2 scrolls of enchant armour {unknown}
 l - 5 scrolls of identify {unknown}
 m - 5 scrolls of remove curse {unknown}
 q - 2 scrolls of random uselessness {unknown}
 r - a scroll of enchant weapon {unknown}
 w - 2 scrolls of blinking {unknown}
 x - 2 scrolls of noise {unknown}
Potions
 d - a potion of might
 e - 2 potions of curing {unknown}
 i - a potion of brilliance {unknown}
 k - a potion of magic {unknown}
 o - 3 potions of heal wounds {unknown}
 v - a potion of haste {unknown}
Comestibles
 f - 2 bread rations
 h - 4 fruits
 n - a royal jelly
 u - 3 chunks of flesh


   Skills:
 + Level 4.4(2.6) Fighting
 * Level 4.8(3.0) Axes
 + Level 4.6(2.8) Armour
 + Level 4.9(3.1) Shields


You had 6 spell levels left.
You didn't know any spells.

Dungeon Overview and Level Annotations

Branches:
Dungeon (4/15)
 Temple: D:4-7

Altars:
The Shining One

Annotations:
D:3 Sigmund


Innate Abilities, Weirdness & Mutations

You cannot be hasted, slowed, berserked, paralysed or teleported.
You can dig through walls and to a lower floor.
Your four strong arms can wield two-handed weapons with a shield.
You have a pair of large antennae on your head. (SInv)


Message History

You sense a monster nearby.
A two-headed ogre comes into view. It is wielding two giant spiked clubs.
The two-headed ogre barely misses you. You block the two-headed ogre's attack.
You slash the two-headed ogre!
The two-headed ogre is moderately wounded.
The two-headed ogre hits you with a giant spiked club!
You block the two-headed ogre's attack.
The two-headed ogre hits you with a giant spiked club!
You block the two-headed ogre's attack.
Your scale mail prevents you from hitting the two-headed ogre.
The two-headed ogre is moderately wounded.
You hit the two-headed ogre.
The two-headed ogre is moderately wounded.
The two-headed ogre hits you with a giant spiked club!!
* * * LOW HITPOINT WARNING * * *
The two-headed ogre barely misses you.
You closely miss the two-headed ogre.
The two-headed ogre is moderately wounded.
The two-headed ogre hits you with a giant spiked club!
You die...

#
#...<....############
#......<...#
#......#.####.#
#####..#.# # #
####..#.####.# ##
.............# ##.
#....... ..# ##..
#.....####.# ###...
#...@...##.# ###....#
#...O##.##.###.....##
#....##.##........##
#######(........###
#.......###
#...รท####
#...........
#...........
##........##


You could see a two-headed ogre.

Vanquished Creatures
  The ghost of w0kki the Sneak, an amateur OpAs of Nemelex Xobeh (D:3)
  A hound (D:4)
  An orc priest (D:3)
  Ijyb (D:3)
  Terence (D:2)
  Natasha (thrice) (D:2)
  3 adders
  2 oozes
  2 worms
  A dart slug (D:1)
  4 leopard geckos
  3 orcs (D:3)
  A ball python (D:2)
  4 giant cockroaches
  16 goblins
  6 hobgoblins
  2 jackals (D:3)
  6 kobolds
  A quokka (D:4)
  6 bats
  5 frilled lizards
  7 rats
77 creatures vanquished.

Notes
Turn   | Place    | Note
-------+----------+-------------------------------------------
     0 | D:1      | azrac the Formicid Fighter began the quest for the Orb.
     0 | D:1      | Reached XP level 1. HP: 18/18 MP: 1/1
   103 | D:1      | Reached XP level 2. HP: 18/24 MP: 2/2
   387 | D:1      | Reached XP level 3. HP: 29/29 MP: 3/3
   415 | D:1      | Found a glowing golden altar of the Shining One.
  1052 | D:2      | Noticed Natasha
  1059 | D:2      | Killed Natasha
  1059 | D:2      | Reached XP level 4. HP: 30/35 MP: 4/4
  1159 | D:2      | Noticed Terence
  1175 | D:2      | HP: 1/35 [Terence/mace of distortion (7)]
  1181 | D:2      | Killed Terence
  1563 | D:2      | Reached XP level 5. HP: 42/42 MP: 5/5
  1676 | D:2      | Noticed Natasha
  1695 | D:2      | Killed Natasha
  1743 | D:2      | Noticed Natasha
  1767 | D:2      | Killed Natasha
  2348 | D:3      | Noticed Sigmund
  2460 | D:3      | Noticed Ijyb
  2518 | D:3      | Killed Ijyb
  2518 | D:3      | Reached XP level 6. HP: 34/48 MP: 6/6
  3000 | D:3      | Noticed w0kki's ghost (amateur OpAs)
  3014 | D:3      | Killed w0kki's ghost
  3211 | D:4      | Reached XP level 7. HP: 46/55 MP: 7/7
  3431 | D:4      | Noticed a two-headed ogre
  3437 | D:4      | Slain by a two-headed ogre

Vault maps used:
D:1:      minmay_arrival_shattered_statue, tso_metal_star
D:2:      uniq_natasha, uniq_terence
D:3:      solitary_fountain, uniq_sigmund, uniq_ijyb, uniq_crazy_yiuf_cottage
D:4:      serial_curves, eino_curves_01, eino_curves_01, first_bread

Skill      XL: |  1  2  3  4  5 |
---------------+----------------+-----
Axes           | 3 4 |  4.8
Shields        | 4 |  4.9
Armour         | 4 |  4.6
Fighting       | 4 |  4.4

Action                   |  1- 3 |  4- 6 |  7- 9 || total
-------------------------+-------+-------+-------++-------
Melee: War axe           |    81 |   224 |    17 ||   322
  Eat: Chunk             |     1 |     7 |     1 ||     9
Armor: Scale mail        |    25 |    89 |     4 ||   118
Dodge: Dodged            |    30 |    62 |     5 ||    97
Block: Shield            |    49 |    98 |     6 ||   153
